 Dungeon Crawl Stone Soup version 0.28.0-53-g5a82cb258f (webtiles) character file.

Game seed: 3926158744312789630

25 infcreate the Sneak (level 2, 15/15 HPs)
             Began as a Vampire Enchanter on July 28, 2022.
             Quit the game on level 1 of the Dungeon.
             The game lasted 00:02:18 (937 turns).

infcreate the Sneak (Vampire Enchanter)              Turns: 937, Time: 00:02:18

Health: 15/15      AC:  3    Str:  7    XL:     2   Next: 82%
Magic:  5/5        EV: 12    Int: 17    God:
Gold:   43         SH:  0    Dex: 14    Spells: 3/5 levels left

rFire   . . .      SeeInvis +   a - +1 dagger
rCold   + + .      Faith    .   (no shield)
rNeg    + + +      Spirit   .   b - +0 robe
rPois   ∞          Reflect  .   (no helmet)
rElec   .          Harm     .   (no cloak)
rCorr   .          Rampage  .   g - +0 pair of gloves
Will    .....                   (no boots)
Stlth   +++++.....              (no amulet)
HPRegen 0.05/turn               (no ring)
MPRegen 0.09/turn               (no ring)

@: bloodless
A: bloodless, fangs 3, see invisible, vampiric 1
a: Revivify


You were on level 1 of the Dungeon.
You visited 1 branch of the dungeon, and saw 1 of its levels.

You collected 43 gold pieces.


Innate Abilities, Weirdness & Mutations

You do not regenerate when monsters are visible.
You are frail without blood (-20% HP).
You can heal yourself when you bite living creatures.
You are immune to poison.
You have razor-sharp teeth.
You have supernaturally acute eyesight. (SInv)
You are afflicted with vampirism.


   Skills:
 + Level 1.6 Short Blades
 + Level 2.5 Dodging
 + Level 4.8 Stealth
 + Level 2.2 Spellcasting
 + Level 4.7 Hexes


You had 3 spell levels left.
You knew the following spells:

 Your Spells              Type           Power      Damage    Failure   Level
e - Ensorcelled Hibernat  Hex/Ice        20%        N/A       11%         2

Your spell library contained the following spells:

 Spells                   Type           Power      Damage    Failure   Level
 Confusing Touch          Hex            18%        N/A       8%          3
 Tukima's Dance           Hex            18%        N/A       8%          3
 Foxfire                  Conj/Fire      4%         2x1d4     19%         1
 Dazzling Flash           Conj/Hex       20%        N/A       22%         3
 Inner Flame              Hex/Fire       10%        N/A       22%         3
 Static Discharge         Conj/Air       1%         N/A       28%         2
 Conjure Flame            Conj/Fire      1%         6-21      50%         3
 Dispel Undead            Necr           1%         3d6       88%         4
 Flame Wave               Conj/Fire      1%         2d4       88%         4
 Sticky Flame             Conj/Fire      1%         2d3       88%         4

Inventory:

Hand Weapons
 a - a +1 dagger (weapon)
Armour
 b - a +0 robe (worn)
 g - a +0 pair of gloves (worn)
Scrolls
 d - a scroll of identify {unknown}
Potions
 c - a potion of invisibility
 e - a potion of flight {unknown}
 f - a potion of curing {unknown}

Dungeon Overview and Level Annotations

Branches:
Dungeon (1/15)

Altars:

.......P.♣♣.P.# #.#
.....##.P♣♣P.P# #.#
#...## #..P♣..####.#
##..#####...P...##.#
###....##..#..#....##
###.##.##.###.##....###
##...#.##.#
#.##.##...###
..........#
#.##.####...###
##...#...## #.##@#
###...#
##...#######.##)# ###.#
.............##.# #.#
########.#######.# #.#
#.# #.# #.# #.# #.# #.#
#.# #.# #.# ######.####
#.# #.#
...........####.# #.#


There were no monsters in sight!


Message History

You impale the kobold!!
You kill the kobold!
A ball python comes into view.
The helpless ball python fails to defend itself.
You bite the ball python, and draw its blood!
You impale the ball python!!
You kill the ball python!
You see here a bat corpse.
A kobold comes into view. It is wielding a +0 club.
A kobold is nearby!
You hit the plant.
The plant begins to die.
The plant is lightly damaged.
A nearby plant withers and dies.
The helpless kobold fails to defend itself.
You bite the kobold, and draw its blood!
You impale the kobold!!
You kill the kobold!
Things that are here:
a +0 club; 4 stones; a kobold corpse
Found 6 gold pieces.
You now have 43 gold pieces (gained 6).
A giant cockroach comes into view.
The helpless giant cockroach fails to defend itself.
You puncture the giant cockroach!
You kill the giant cockroach!
A gnoll is nearby!
The helpless gnoll fails to defend itself.
You bite the gnoll, and draw its blood! You impale the gnoll!!
You kill the gnoll!
Are you sure you want to abandon this character and quit the game? (Confirm with "yes".)

Action                   || total
-------------------------++-------
Melee: Dagger            ||    27
       Bite              ||     1
 Abil: Exsanguinate      ||     1
 Stab: Sleeping          ||    11
Armor: Robe              ||     1
Dodge: Dodged            ||     5

Levels and vault maps discovered:
D:1:      matt_arrival_refuge, layout_loops_ring, serial_forest,
          infiniplex_forest_end_3, infiniplex_forest_straight_4,
          infiniplex_forest_end_1, infiniplex_forest_lined_corner,
          infiniplex_forest_clump_double, infiniplex_forest_clump_diagonal,
          infiniplex_forest_straight_2, infiniplex_forest_straight_2,
          infiniplex_forest_clump_medium, infiniplex_forest_straight_4,
          st_stairs_5

Notes
Turn   | Place    | Note
-------+----------+-------------------------------------------
     0 | D:1      | infcreate the Vampire Enchanter began the quest for the
                  | Orb.
     0 | D:1      | Reached XP level 1. HP: 13/13 MP: 3/3
   632 | D:1      | Reached XP level 2. HP: 15/15 MP: 5/5
   635 | D:1      | Learned a level 2 spell: Ensorcelled Hibernation
   937 | D:1      | Quit the game

Vanquished Creatures
  A gnoll (D:1)
  2 ball pythons (D:1)
  2 bats (D:1)
  An endoplasm (D:1)
  A giant cockroach (D:1)
  A goblin (D:1)
  A hobgoblin (D:1)
  3 kobolds (D:1)
  2 rats (D:1)
14 creatures vanquished.

Vanquished Creatures (others)
  A plant (D:1)
1 creature vanquished.

Grand Total: 15 creatures vanquished

Table legend: (Time is in decaauts)
 A = Elapsed time spent in this place.
 B = Non-inter-level travel time spent in this place.
 C = Inter-level travel time spent in this place.
 D = Time resting spent in this place.
 E = Time spent auto-exploring this place.
 F = Levels seen in this place.
 G = Mean time per level.
                   A        B        C        D        E       F      G
               +--------+--------+--------+--------+--------+-----+--------+
         Total |    935 |    935 |      0 |    203 |    513 |   1 |  935.0 |
       Dungeon |    935 |    935 |      0 |    203 |    513 |   1 |  935.0 |
               +--------+--------+--------+--------+--------+-----+--------+

Top non-repeatable levels by time:
     D:1: 935 daAuts

Table legend:
 A = Non-vault XP
 B = Vault XP
 C = Vault XP percentage of total XP
 D = Non-vault monster count
 E = Vault monster count
 F = Vault count percentage of total count
                 A         B        C        D         E       F
            +---------+---------+-------+---------+---------+-------
      Total |      36 |       0 |   0.0 |      14 |       0 |   0.0
            +---------+---------+-------+---------+---------+-------
        D:1 |      36 |       0 |   0.0 |      14 |       0 |   0.0
            +---------+---------+-------+---------+---------+-------
